 Dungeon Crawl Stone Soup version 0.25-a0-424-g80bd347ae0 (webtiles) character file.

Game seed: 5443971126772218180, levelgen mode: deterministic

2861 Baz the Frost Mage (level 9, -2/66 HPs)
             Began as a Merfolk Ice Elementalist on Jan 23, 2020.
             Slain by a two-headed ogre
             ... wielding a +0 giant club
              (27 damage)
             ... on level 8 of the Dungeon.
             The game lasted 00:27:05 (10464 turns).

Baz the Frost Mage (Merfolk Ice Elementalist)      Turns: 10464, Time: 00:27:06

Health: -2/66      AC:  2    Str:  9    XL:     9   Next: 75%
Magic:  6/13       EV: 13    Int: 18    God:
Gold:   248        SH:  0    Dex: 18    Spells: 1/13 levels left

rFire    . . .     SeeInvis .   b - staff of cold
rCold    + . .     Gourm    .   (no shield)
rNeg     . . .     Faith    .   y - +0 robe
rPois    .         Spirit   .   C - +1 helmet
rElec    .         Reflect  .   J - +0 cloak
rCorr    +         Harm     .   L - +0 pair of gloves {Dex+3}
MR       .....                  (no boots)
Stlth    ++........             (no amulet)
HPRegen  0.21/turn              h - ring of resist corrosion
MPRegen  0.13/turn              n - +2 ring of intelligence

@: about to teleport, corroded
A: change form in water, swift swim, stealthy swim
a: no special abilities


You were on level 8 of the Dungeon.
You were hungry.

You visited 1 branch of the dungeon, and saw 8 of its levels.

You collected 248 gold pieces.

Inventory:

Hand Weapons
 a - a +0 trident of protection
 p - a +8 club
Missiles
 f - 230 stones (quivered)
Armour
 y - a +0 robe (worn)
 C - a +1 helmet (worn)
 J - a +0 cloak (worn)
 L - a +0 pair of gloves of dexterity (worn)
Magical Staves
 b - an uncursed staff of cold (weapon)
Jewellery
 h - a ring of resist corrosion (left hand)
 n - a +2 ring of intelligence (right hand)
Wands
 r - a wand of iceblast (11)
 D - a wand of random effects (41)
 E - a wand of acid (10)
 M - a wand of digging (7)
Scrolls
 e - 3 scrolls of enchant armour {unknown}
 g - 2 scrolls of magic mapping
 l - a scroll of fear {unknown}
 q - 3 scrolls of amnesia {unknown}
 s - 5 scrolls of teleportation
 t - 2 scrolls of remove curse
 u - 2 scrolls of enchant weapon {unknown}
 v - 2 scrolls of blinking {unknown}
 H - a scroll of fog {unknown}
 I - a scroll of random uselessness {unknown}
 K - a scroll of immolation {unknown}
Potions
 d - 2 potions of ambrosia
 i - a potion of haste
 j - a potion of heal wounds
 k - a potion of mutation
 m - 2 potions of resistance
 o - 3 potions of curing
 x - 2 potions of berserk rage
 z - 2 potions of magic {unknown}
 F - a potion of agility
 G - a potion of degeneration {unknown}
Comestibles
 c - 17 rations


   Skills:
 + Level 4.6 Fighting
 + Level 7.5 Polearms
 - Level 2.6 Dodging
 - Level 2.1 Stealth
 - Level 2.8 Spellcasting
 - Level 5.2 Conjurations
 - Level 1.6 Charms
 + Level 3.5 Summonings
 * Level 9.5 Ice Magic


You had one spell level left.
You knew the following spells:

 Your Spells              Type           Power        Failure   Level  Hunger
a - Freeze                Ice            ####         1%          1    None
b - Ozocubu's Armour      Chrm/Ice       ####....     4%          3    ###....
c - Hailstorm             Conj/Ice       #####...     9%          4    ####...
d - Summon Ice Beast      Ice/Summ       #####...     11%         4    ####...

Your spell library contained the following spells:

 Spells                   Type           Power        Failure   Level  Hunger


Dungeon Overview and Level Annotations

Branches:
Dungeon (8/15)             Temple (0/1) D:7
   Lair: D:8-11

Altars:
Ashenzari
Kikubaaqudgha
Okawaru
Ru
Uskayaw
Xom

Shops:
D:6 %

Annotations:
D:5 Menkaure
D:6 exclusion: ice beast


Message History

The ice beast barely misses your ice beast.
Unknown command.
As you read the scroll of teleportation, it crumbles to dust.
You feel strangely unstable. The hornet stings you!
You feel yourself slow down.
Your ice beast closely misses the two-headed ogre.
Something hits your ice beast. The hornet barely misses you.
The ice beast hits your ice beast but does no damage.
Unknown command.
An orc warrior comes into view. It is wielding a +0 halberd.
You feel yourself speed up.
The orc warrior shouts!
Your ice beast hits the two-headed ogre.
Your ice beast freezes the two-headed ogre!
An orc priest comes into view. It is wielding a +0 hand axe.
The ice beast barely misses your ice beast.
The hornet closely misses you.
Your ice beast hits the hornet but does no damage.
The two-headed ogre hits you with a +0 giant club!!
You die...

###.#o ..##. ... .# ......
.....##.# ..
....o.###.......# .# ..
#......##......##.#### ..>
#......###............
...###.....#..............
....#......##.............
#......##@#......=.......
##.....[.yO....##†.........
.......YY....####....###...
........###.## #<.....#....
.........##.#####........#
.....#................####
.... #.......###........#
... #.......##........## ..
.......................


You could see a two-headed ogre, a hornet, an orc warrior, an ice beast, an orc
priest (wandering) and a friendly ice beast.

Vanquished Creatures
  A human (D:7)
  4 hogs (D:7)
  A water moccasin (D:7)
  An ice beast (D:7)
  2 sky beasts (D:6)
  2 ogres (D:5)
  2 orc warriors
  A centaur (D:3)
  A bullfrog (D:7)
  A water moccasin zombie (D:7)
  A scorpion (D:6)
  3 killer bees
  2 vampire bats (D:5)
  4 crimson imps
  A quasit (D:6)
  2 jellies (D:7)
  An orc priest (D:6)
  A hound (D:4)
  3 orc wizards
  A centaur skeleton (D:5)
  Jessica (D:3)
  Ijyb (D:3)
  3 iguanas
  2 worker ants (D:5)
  Natasha (thrice) (D:2)
  Terence (D:3)
  A hound zombie (D:6)
  A howler monkey skeleton (D:4)
  A worker ant zombie (D:5)
  3 gnolls (D:3)
  9 adders
  A shadow imp (D:7)
  2 oozes (D:2)
  An adder skeleton (D:6)
  An adder zombie (D:7)
  2 worms
  A dart slug (D:3)
  2 leopard geckos (D:2)
  18 orcs
  A bat skeleton (D:5)
  4 bat zombies (D:5)
  4 giant cockroaches
  10 hobgoblins
  12 jackals
  A quokka (D:4)
  2 ball pythons
  8 bats
  3 frilled lizards
  3 goblins (D:2)
  3 kobolds
  A leopard gecko skeleton (D:7)
  2 leopard gecko zombies
  3 rats
  A butterfly (D:5)
147 creatures vanquished.

Vanquished Creatures (collateral kills)
  A killer bee (D:7)
  An orc priest (D:7)
  3 orcs (D:7)
5 creatures vanquished.

Grand Total: 152 creatures vanquished

Notes
Turn   | Place    | Note
-------+----------+-------------------------------------------
     0 | D:1      | Baz the Merfolk Ice Elementalist began the quest for the
                  | Orb.
     0 | D:1      | Reached XP level 1. HP: 13/13 MP: 3/3
   666 | D:1      | Reached XP level 2. HP: 19/20 MP: 3/5
   949 | D:2      | Reached skill level 1 in Fighting
   996 | D:2      | Reached XP level 3. HP: 26/26 MP: 4/6
  1022 | D:2      | Reached skill level 5 in Ice Magic
  1042 | D:2      | Learned a level 3 spell: Ozocubu's Armour
  1201 | D:2      | Reached XP level 4. HP: 27/32 MP: 0/7
  1486 | D:2      | Learned a level 4 spell: Hailstorm
  1501 | D:2      | Found a faded altar of an unknown god.
  1527 | D:2      | Noticed Natasha
  1532 | D:2      | Killed Natasha
  1532 | D:2      | Reached skill level 1 in Charms
  1550 | D:2      | Noticed Natasha
  1585 | D:2      | Killed Natasha
  1585 | D:2      | Reached XP level 5. HP: 35/38 MP: 5/9
  1863 | D:2      | Noticed Natasha
  1893 | D:2      | Killed Natasha
  2119 | D:3      | Noticed Jessica
  2120 | D:3      | Killed Jessica
  2120 | D:3      | Reached skill level 1 in Conjurations
  2145 | D:3      | Noticed Ijyb
  2153 | D:3      | Noticed Terence
  2154 | D:3      | Killed Ijyb
  2163 | D:3      | Noticed a centaur
  2233 | D:3      | Killed a centaur
  2233 | D:3      | Reached skill level 6 in Ice Magic
  2233 | D:3      | Reached XP level 6. HP: 11/44 MP: 4/10
  2660 | D:3      | Killed Terence
  3869 | D:4      | Found a sacrificial altar of Ru.
  3873 | D:4      | Reached skill level 1 in Polearms
  4296 | D:4      | Reached XP level 7. HP: 41/50 MP: 3/11
  4530 | D:5      | Entered Level 5 of the Dungeon
  4541 | D:5      | Found a hide-covered altar of Uskayaw.
  4599 | D:5      | Found a shimmering altar of Xom.
  4988 | D:5      | Found a shattered altar of Ashenzari.
  5460 | D:5      | Noticed Menkaure
  6034 | D:5      | Reached XP level 8. HP: 5/56 MP: 6/12
  6340 | D:5      | Reached skill level 7 in Ice Magic
  6384 | D:5      | Found an ancient bone altar of Kikubaaqudgha.
  6511 | D:6      | Found Melaeria's Food Boutique.
  6547 | D:6      | Reached skill level 5 in Conjurations
  6741 | D:6      | Reached skill level 5 in Polearms
  6895 | D:6      | Learned a level 4 spell: Summon Ice Beast
  7398 | D:6      | Found an iron altar of Okawaru.
  7691 | D:6      | Reached skill level 1 in Summonings
  8141 | D:7      | Reached skill level 8 in Ice Magic
  8158 | D:7      | Reached XP level 9. HP: 49/63 MP: 9/13
  8452 | D:7      | Reached skill level 9 in Ice Magic
  9718 | D:7      | Found a staircase to the Ecumenical Temple.
 10104 | D:7      | HP: 3/66 [poisoned by a killer bee]
 10447 | D:8      | Noticed a two-headed ogre
 10459 | D:8      | Noticed a hornet
 10464 | D:8      | Slain by a two-headed ogre

Levels and vault maps discovered:
D:1:      dpeg_arrival_simpleton_b, layout_basic
D:2:      layout_loops_cross, chequers_ecumenical_altar_island, serial_rivers,
          chequers_serial_rivers_marsh, chequers_serial_rivers_micro_d,
          chequers_serial_rivers_micro_c, chequers_serial_rivers_micro_b,
          uniq_natasha
D:3:      layout_rooms, first_ration, uniq_jessica, uniq_terence, uniq_ijyb
D:4:      layout_rooms, nicolae_ru_great_annihilating_truth, chequers_jeans,
          chequers_mini_garden
D:5:      layout_basic, lemuel_round_altar, ashenzari_conservatory_becter,
          xom_butterflies, kennysheep_vampire_church, skrybe_limestone_x,
          grunt_decor_cap, saegor_snake_ambush, uniq_menkaure
D:6:      layout_gridville, okawaru_gym_becter, serial_shops,
          nicolae_shop_behind_doors, hangedman_abyss_or_decor_slice
D:7:      layout_basic, minmay_temple_entry_junction_2, grunt_livestock,
          st_stairs_10, minmay_misc_feat_hallway, grunt_ministairs_9
D:8:      layout_cave_pools, lemuel_round_altar, lair_entry_dummy, uniq_maurice,
          uniq_maggie, uniq_gastronok

Skill      XL: |  1  2  3  4  5  6  7  8  9 |
---------------+----------------------------+-----
Fighting       | 1 2 3 4 |  4.6
Ice Magic      | 5 6 8 9 |  9.5
Charms         | 1 |  1.6
Conjurations   | 2 3 4 5 |  5.2
Polearms       | 1 3 6 7 |  7.5
Summonings     | 1 3 |  3.5
Dodging        | |  2.6
Stealth        | |  2.1
Spellcasting   | |  2.8

Action                   |  1- 3 |  4- 6 |  7- 9 || total
-------------------------+-------+-------+-------++-------
Melee: Dagger            |    25 |     9 |       ||    34
       Unarmed           |     1 |       |       ||     1
       Club              |       |     4 |       ||     4
       Trident           |       |    23 |   211 ||   234
       Staff             |       |       |     1 ||     1
Throw: Stone             |     3 |       |       ||     3
 Cast: Freeze            |    42 |    99 |    97 ||   238
       Hailstorm         |       |     3 |    22 ||    25
       Ozocubu's Armour  |       |     1 |     2 ||     3
       Summon Ice Beast  |       |       |     6 ||     6
  Use: Scroll            |       |     8 |     5 ||    13
       Potion            |       |       |     1 ||     1
 Stab: Sleeping          |     3 |     5 |       ||     8
       Paralysed         |       |     4 |       ||     4
       Distracted        |       |       |     1 ||     1
  Eat: Chunk             |     1 |    11 |    16 ||    28
       Ration            |       |       |     3 ||     3
Armor: Robe              |    12 |    19 |   181 ||   212
Dodge: Dodged            |    39 |    91 |   295 ||   425

Table legend:
 A = Non-vault XP
 B = Vault XP
 C = Vault XP percentage of total XP
 D = Non-vault monster count
 E = Vault monster count
 F = Vault count percentage of total count
                 A         B        C        D         E       F
            +---------+---------+-------+---------+---------+-------
      Total |    2592 |    1496 |  36.6 |     119 |      32 |  21.2
            +---------+---------+-------+---------+---------+-------
        D:1 |      15 |       0 |   0.0 |       8 |       0 |   0.0
        D:2 |     171 |      35 |  17.0 |      30 |       1 |   3.2
        D:3 |     174 |     103 |  37.2 |      16 |       3 |  15.8
        D:4 |     185 |       8 |   4.1 |      12 |       4 |  25.0
        D:5 |     503 |     163 |  24.5 |      16 |      11 |  40.7
        D:6 |     615 |      58 |   8.6 |      15 |       5 |  25.0
        D:7 |     867 |    1129 |  56.6 |      20 |       8 |  28.6
        D:8 |      62 |       0 |   0.0 |       2 |       0 |   0.0
            +---------+---------+-------+---------+---------+-------
